 Dungeon Crawl Stone Soup version 0.29-a0-414-g5075937ec3 (webtiles) character file.

Game seed: 5234811426646228814

759 bladeefan the Skirmisher (level 7, -3/66 HPs)
             Began as a Hill Orc Monk on May 15, 2022.
             Slain by Menkaure (17 damage)
             ... on level 5 of the Dungeon.
             The game lasted 00:06:47 (4743 turns).

bladeefan the Skirmisher (Hill Orc Monk)            Turns: 4743, Time: 00:06:47

Health: -3/66      AC: 11    Str: 16    XL:     7   Next: 80%
Magic:  7/7        EV:  8    Int: 10    God:
Gold:   297        SH:  0    Dex: 20    Spells: 6/6 levels left

rFire   + . .      SeeInvis .   r - +9 hand axe of the End {venom, +Blink rF+ Will+ Dex+7}
rCold   . . .      Faith    .   (no shield)
rNeg    + . .      Spirit   .   v - +0 chain mail {Will+}
rPois   .          Reflect  .   (no helmet)
rElec   .          Harm     .   (no cloak)
rCorr   .          Rampage  .   x - +2 pair of gloves
Will    ++...                   (no boots)
Stlth   ..........              (no amulet)
HPRegen 0.21/turn               d - ring of positive energy
MPRegen 0.10/turn               (no ring)

@: no status effects
A: no striking features
a: Evoke Blink


You were on level 5 of the Dungeon.
You visited 1 branch of the dungeon, and saw 5 of its levels.

You collected 297 gold pieces.

Inventory:

Hand Weapons
 a - a +0 hand axe of freezing
 q - the +8 mace "Ikhlot" {pain, +Blink}
   (You found it on level 2 of the Dungeon)

   In the hands of one skilled in necromantic magic, it inflicts extra damage on
   living creatures.
   +Blink:    It lets you blink.
 r - the +9 hand axe of the End (weapon) {venom, +Blink rF+ Will+ Dex+7}
   (You found it on level 2 of the Dungeon)

   It poisons the flesh of those it strikes.
   Dex:       It affects your dexterity (+7).
   rF:        It protects you from fire.
   +Blink:    It lets you blink.
   Will:      It increases your willpower.
Armour
 m - a +0 kite shield
   (You found it on level 4 of the Dungeon)
 v - a +0 chain mail of willpower (worn)
   (You found it on level 3 of the Dungeon)
 x - a +2 pair of gloves (worn)
   (You found it on level 4 of the Dungeon)
Jewellery
 d - a ring of positive energy (left hand)
   (You found it on level 1 of the Dungeon)
Wands
 t - a wand of flame (29)
   (You took it off Ijyb on level 5 of the Dungeon)
Scrolls
 e - 2 scrolls of amnesia
 i - a scroll of silence {unknown}
 j - a scroll of magic mapping
 k - 2 scrolls of teleportation {@r4}
 l - a scroll of enchant weapon
 n - a scroll of enchant armour {unknown}
 u - a scroll of brand weapon
 y - 2 scrolls of blinking
Potions
 b - a potion of heal wounds {unknown}
 c - a potion of ambrosia
 f - a potion of degeneration {unknown}
 g - 2 potions of curing {@q1}
 h - a potion of mutation {unknown}
 o - 2 potions of brilliance
 p - a potion of attraction {unknown}
 s - a potion of flight {unknown}


   Skills:
 * Level 7.3 Fighting
 + Level 6.3 Axes
 + Level 3.9 Dodging
 + Level 3.6 Stealth


You had 6 spell levels left.
You didn't know any spells.
Your spell library contained the following spells:

 Spells                   Type           Power      Damage    Failure   Level
 Static Discharge         Conj/Air       0%         N/A       100%        2
 Frozen Ramparts          Ice            0%         1d2       100%        3
 Tukima's Dance           Hex            0%         N/A       100%        3
 Ice Form                 Ice/Tmut       0%         N/A       100%        4
 Passage of Golubria      Tloc           0%         N/A       100%        4
 Summon Ice Beast         Ice/Summ       0%         N/A       100%        4
 Lightning Bolt           Conj/Air       0%         1d11      100%        5
 Yara's Violent Unravell  Hex/Tmut       0%         3d3       100%        5
 Maxwell's Capacitive Co  Air            0%         ∞         100%        8


Dungeon Overview and Level Annotations

Branches:
Dungeon (5/15)
 Temple: D:4-7

Altars:
Hepliaklqana
Kikubaaqudgha
Nemelex Xobeh
Okawaru
Ru

Annotations:
D:5 Menkaure


Message History

The ufetubus shouts!
An ufetubus is nearby!
An ufetubus is nearby!
An ufetubus is nearby!
An ufetubus is nearby!
Unknown command.
An orc comes into view. It is wielding a +0 hand axe.
Found a smoky blue potion.
The orc shouts!
You hit the ufetubus.
The ufetubus is poisoned.
You kill the ufetubus!
You hit the orc. The orc hits you but does no damage.
You hit the orc.
The orc is poisoned.
The orc hits you but does no damage.
You slash the orc!
You kill the orc!
No target in view!
You see here a +0 hand axe.
s - a smoky blue potion
Found a stone staircase leading down.
Found a scroll of teleportation.
Found 6 atropa-tipped darts.
Found a stone staircase leading up.
k - 2 scrolls of teleportation {@r4} (gained 1)
You see here a +0 ring mail.
Key pressed, stopping explore.
You see here 6 atropa-tipped darts.
Key pressed, stopping explore.
You see here a +0 hand axe.
Key pressed, stopping explore.
There is an escape hatch in the floor here.
Key pressed, stopping explore.
You see here a +0 flail.
There is an open door here.
Menkaure, Prince of Dust comes into view.
Menkaure shouts!
You completely miss Menkaure. Menkaure hits you.
You slash Menkaure!
Menkaure mumbles some strange words.
Menkaure seems to speed up.
You hit Menkaure. Menkaure hits you!
You barely miss Menkaure. Menkaure misses you.
You hit Menkaure. Menkaure hits you!
You barely miss Menkaure.
Menkaure's bandages flutter.
Menkaure hits you!
* * * LOW HITPOINT WARNING * * *
Menkaure hits you!
* * * LOW HITPOINT WARNING * * *
Menkaure attacks as you move away! Menkaure hits you!
You die...

#.# #.# #.# #.#
#.# #.# #.#
##.## #8@8#
.......M...○...
...........°...
....○○......☼..
............§..
°..............
○○.............
...............


You could see Menkaure (fast).

Vanquished Creatures
  Eustachio (D:5)
  An ice beast (D:5)
  A scorpion (D:5)
  2 necrophages (D:5)
  A jelly (D:4)
  A hound (D:5)
  Crazy Yiuf (D:2)
  Ijyb (D:5)
  2 iguanas
  An orc wizard (D:4)
  6 adders
  A white imp (D:5)
  2 ufetubi
  4 dart slugs
  6 orcs
  9 ball pythons
  6 bats
  2 endoplasms
  3 goblins
  6 hobgoblins
  3 jackals (D:1)
  2 frilled lizards
  6 kobolds
  A rat (D:3)
69 creatures vanquished.

Vanquished Creatures (others)
  An ice beast (D:5)
1 creature vanquished.

Grand Total: 70 creatures vanquished

Notes
Turn   | Place    | Note
-------+----------+-------------------------------------------
     0 | D:1      | bladeefan the Hill Orc Monk began the quest for the Orb.
     0 | D:1      | Reached XP level 1. HP: 19/19 MP: 1/1
   299 | D:1      | Reached XP level 2. HP: 27/27 MP: 2/2
   310 | D:1      | Reached skill level 4 in Fighting
   659 | D:1      | Found a faded altar of an unknown god.
   966 | D:1      | Reached XP level 3. HP: 33/33 MP: 3/3
  1539 | D:2      | Found a runed translucent door.
  1540 | D:2      | Noticed Crazy Yiuf
  1637 | D:2      | Identified the +8 mace "Ikhlot" {pain, +Blink}
  1749 | D:2      | Identified the +9 hand axe of the End {venom, +Blink rF+
                  | Will+ Dex+7}
  2100 | D:2      | Killed Crazy Yiuf
  2101 | D:2      | Reached XP level 4. HP: 24/41 MP: 4/4
  2313 | D:3      | Found an ancient bone altar of Kikubaaqudgha.
  2315 | D:3      | Found an iron altar of Okawaru.
  2707 | D:3      | Found a hazy altar of Hepliaklqana.
  2713 | D:3      | Reached skill level 5 in Fighting
  2795 | D:3      | Reached XP level 5. HP: 48/48 MP: 5/5
  3202 | D:4      | Reached skill level 5 in Axes
  3590 | D:4      | Reached XP level 6. HP: 57/57 MP: 6/6
  3631 | D:4      | Found a sparkling altar of Nemelex Xobeh.
  3635 | D:4      | Found a sacrificial altar of Ru.
  3692 | D:5      | Entered Level 5 of the Dungeon
  3726 | D:5      | Noticed Ijyb
  3731 | D:5      | Killed Ijyb
  3784 | D:5      | Reached skill level 6 in Fighting
  4205 | D:5      | Noticed an ice beast
  4218 | D:5      | Killed an ice beast
  4219 | D:5      | Reached XP level 7. HP: 28/64 MP: 7/7
  4455 | D:5      | Noticed Eustachio
  4486 | D:5      | Killed Eustachio
  4487 | D:5      | Reached skill level 7 in Fighting
  4733 | D:5      | Noticed Menkaure
  4743 | D:5      | Slain by Menkaure

Illustrated notes

Levels and vault maps discovered:
D:1:      elethiomel_arrival_infinity_welcomes_careful_drivers, layout_basic,
          basic_ecumenical_altar
D:2:      layout_loops_cross, serial_bayou_ford_a,
          chequers_hall_statues_corner_a, uniq_crazy_yiuf_cottage
D:3:      layout_basic, mainiacjoe_overflow_catwalk_spiral,
          mainiacjoe_overflow_small_starburst
D:4:      layout_loops_ring, mainiacjoe_overflow_big_doors
D:5:      layout_basic, lemuel_temple_firewalk_b, uniq_ijyb, uniq_menkaure,
          uniq_eustachio

Skill      XL: |  1  2  3  4  5  6  7 |
---------------+----------------------+-----
Fighting       | 4 5 6 7 |  7.3
Stealth        | 2 3 |  3.6
Dodging        | 3 |  3.9
Axes           | 5 6 |  6.3

Action                   |  1- 3 |  4- 6 |  7- 9 || total
-------------------------+-------+-------+-------++-------
Melee: Hand axe          |    87 |    87 |    29 ||   203
       Punch             |     2 |     1 |       ||     3
  Use: Scroll            |       |     8 |       ||     8
       Potion            |       |     2 |       ||     2
 Stab: Sleeping          |     5 |     3 |       ||     8
Armor: Robe              |    13 |       |       ||    13
       Ring mail         |     9 |    11 |       ||    20
       Chain mail        |       |    22 |    16 ||    38
Dodge: Dodged            |    58 |    48 |     6 ||   112

Table legend: (Time is in decaauts)
 A = Elapsed time spent in this place.
 B = Non-inter-level travel time spent in this place.
 C = Inter-level travel time spent in this place.
 D = Time resting spent in this place.
 E = Time spent auto-exploring this place.
 F = Levels seen in this place.
 G = Mean time per level.
                   A        B        C        D        E       F      G
               +--------+--------+--------+--------+--------+-----+--------+
         Total |   4755 |   4674 |     81 |    402 |   3608 |   5 |  951.0 |
       Dungeon |   4755 |   4674 |     81 |    402 |   3608 |   5 |  951.0 |
               +--------+--------+--------+--------+--------+-----+--------+

Top non-repeatable levels by time:
     D:1: 1269 daAuts
     D:5: 1051 daAuts
     D:2: 1001 daAuts
     D:3: 750 daAuts
     D:4: 682 daAuts
